 Dungeon Crawl Stone Soup version 0.18-a0-1577-gf591c28 (webtiles) character file.

3646 Ijustatesigmund the Covert (level 10, -5/85 HPs)
             Began as an Octopode Transmuter on Mar 20, 2016.
             Was a Believer of Cheibriados.
             Slain by Erica
             ... wielding a +0 scimitar of flaming
              (8 damage)
             ... on level 9 of the Dungeon.
             The game lasted 00:23:22 (9633 turns).

Ijustatesigmund the Covert (Octopode Transmuter)    Turns: 9633, Time: 00:23:22

Health: -5/85      AC:  6    Str: 17    XL:     10   Next: 12%
Magic:  13/14      EV: 11    Int: 22    God:    Cheibriados [**....]
Gold:   196        SH:  0    Dex: 17    Spells: 4 memorised, 3 levels left

rFire  . . .     SeeInvis .       - Unarmed
rCold  + + +     Gourm    .     (shield currently unavailable)
rNeg   . . .     Faith    .     (helmet currently unavailable)
rPois  +         Spirit   .     (no amulet)
rElec  .         Dismiss  .     h - ring of protection from fire
rCorr  .         Reflect  .     p - ring of wizardry
SustAt .         Harm     .     (no ring)
MR     .....                    (no ring)
Stlth  ++++......               (no ring)
                                (no ring)
                                (no ring)
                                (no ring)

@: ice-form, slowed, very slow, not resistant to hostile enchantments, stealthy
A: almost no armour, amphibious, 8 rings, (constrict 8), (camouflage 0),
(gelatinous body 0)
a: End Transformation, Bend Time, Renounce Religion


You were on level 9 of the Dungeon.
You worshipped Cheibriados.
Cheibriados was pleased with you.
You were very hungry.
You were a creature of crystalline ice.
You visited 2 branches of the dungeon, and saw 10 of its levels.

You collected 367 gold pieces.
You spent 171 gold pieces at shops.

Inventory:

Missiles
 a - 60 arrows
 u - 22 arrows of frost
Armour
 e - a +1 shield
Jewellery
 h - a ring of protection from fire (left front paw)
 p - a ring of wizardry (right front paw)
Wands
 q - a wand of polymorph (13/24)
 r - a wand of disintegration (10/24)
 y - a wand of iceblast (6/15)
Scrolls
 d - 5 scrolls of enchant weapon
 i - 2 scrolls of enchant armour
 l - a scroll of identify
 m - 4 scrolls of remove curse
 s - a scroll of random uselessness {unknown}
 t - a scroll of fog
 B - a scroll of teleportation
 E - a scroll of torment {unknown}
Potions
 f - 2 potions of mutation
 g - 4 potions of flight
 j - a potion of cancellation
 k - 5 potions of curing
 n - a potion of heal wounds
 o - 2 potions of invisibility
 A - a potion of might
Books
 b - a book of Changes

   Spells                             Type                      Level
   a - Beastly Appendage              Transmutation                1
   b - Sticks to Snakes               Transmutation                2
   c - Spider Form                    Transmutation/Poison         3
   d - Ice Form                       Ice/Transmutation            4
   e - Blade Hands                    Transmutation                5
 C - Sif Muna's Papyrus of Malediction
   (You found it on level 8 of the Dungeon)

   Spells                             Type                      Level
   a - Corona                         Hexes                        1
 D - a book of Geomancy

   Spells                             Type                      Level
   a - Sandblast                      Earth                        1
   b - Passwall                       Transmutation/Earth          2
   c - Stone Arrow                    Conjuration/Earth            3
   d - Petrify                        Transmutation/Earth          4
   e - Lee's Rapid Deconstruction     Earth                        5
Comestibles
 c - 3 bread rations
 x - 2 meat rations
 z - a beef jerky


   Skills:
 + Level 7.0 Fighting
 + Level 2.4 Dodging
 - Level 8.1 Stealth
 + Level 7.6 Unarmed Combat
 - Level 2.1 Spellcasting
 - Level 5.0 Transmutations
 - Level 2.2 Ice Magic
 - Level 2.0 Poison Magic
 - Level 6.3 Invocations


You had 3 spell levels left.
You knew the following spells:

 Your Spells              Type           Power        Failure   Level  Hunger
a - Beastly Appendage     Trmt           ###...       1%          1    #......
b - Sticks to Snakes      Trmt           ###.....     1%          2    ##.....
c - Spider Form           Trmt/Pois      ###.......   4%          3    ###....
d - Ice Form              Ice/Trmt       ###.....     14%         4    #####..


Dungeon Overview and Level Annotations

Branches:
Dungeon (9/15)             Temple (1/1) D:4
   Lair: D:8-11         Orc: D:9-12

Altars:
Ashenzari
Cheibriados
Dithmenos
Elyvilon
Fedhas
Gozag
Kikubaaqudgha
Makhleb
Okawaru
Pakellas
Ru
Sif Muna
Trog
Vehumet
Xom
Yredelemnul
Zin
The Shining One

Shops:
D:5 [!!   D:6 *   D:7 *

Annotations:
D:8 Erolcha
D:9 Erica


Innate Abilities, Weirdness & Mutations

You cannot wear most types of armour.
You are amphibious.
You can wear up to eight rings at the same time.
((You can use your tentacles to constrict eight enemies at once.))
((Your skin changes colour to match your surroundings (Stealth).))
((Your rubbery body absorbs attacks (AC +1).))


Message History

Erica hits you with a scimitar of flaming.
Erica melts you.
Erica hits you with a scimitar of flaming!
Erica melts you.
You hit Erica. You freeze Erica.
Erica is severely wounded.
Erica hits you with a scimitar of flaming!
* * * LOW HITPOINT WARNING * * *
Erica melts you.
* * * LOW HITPOINT WARNING * * *
You punch Erica! You freeze Erica.
Erica is almost dead.
Erica hits you with a scimitar of flaming!
* * * LOW HITPOINT WARNING * * *
Erica melts you.
* * * LOW HITPOINT WARNING * * *
You hit Erica but do no damage.
Erica is almost dead.
Erica hits you with a scimitar of flaming!
You die...

#.....>.##§§.#.......
#.......#.#§#.#######
#........§._.§.......
#.......#.#§#.#......
#........#§§§#.......
#.........#§#........
#....................
#....................
#...Y................
#..@.................
####........#####+####+#
#...........#
#...........#
#...........#
#...........#
#.....>.....#
#...........#


You could see Erica.

Vanquished Creatures
  The ghost of M4edhros the Grappler, a novice VSTm of Xom (D:8)
  A water moccasin (D:7)
  A black bear (D:7)
  3 ice beasts
  2 ogres
  A centaur (D:7)
  A phantom (D:7)
  5 giant frogs
  A wyvern zombie (D:8)
  5 scorpions
  5 killer bees (D:7)
  5 wights (D:7)
  A howler monkey (D:8)
  5 crimson imps
  4 jellies
  A hound (D:4)
  A giant frog skeleton (D:4)
  A gnoll shaman (D:5)
  3 orc priests
  2 iguanas
  6 orc wizards
  11 worker ants
  A killer bee zombie (D:9)
  A howler monkey zombie (D:7)
  12 adders
  13 gnolls
  A shadow imp (D:5)
  3 oozes
  An adder skeleton (D:4)
  3 worms
  2 dart slugs (D:2)
  7 giant geckos
  19 orcs
  A ball python (D:3)
  7 giant cockroaches
  10 goblins
  9 hobgoblins
  7 jackals
  8 kobolds
  4 quokkas
  A ball python skeleton (D:4)
  8 bats
  A giant cockroach zombie (D:5)
  A giant newt (D:3)
  A quokka skeleton (D:4)
  7 rats
194 creatures vanquished.

Vanquished Creatures (collateral kills)
  An orc wizard (D:4)
1 creature vanquished.

Grand Total: 195 creatures vanquished

Notes
Turn   | Place    | Note
--------------------------------------------------------------
     0 | D:1      | Ijustatesigmund the Octopode Transmuter began the quest for the Orb.
     0 | D:1      | Reached XP level 1. HP: 13/13 MP: 3/3
   207 | D:1      | Reached XP level 2. HP: 12/19 MP: 5/5
   211 | D:1      | Learned a level 2 spell: Sticks to Snakes
   886 | D:1      | Reached XP level 3. HP: 22/24 MP: 6/6
   891 | D:1      | Learned a level 3 spell: Spider Form
  1351 | D:2      | Reached skill level 1 in Poison Magic
  1506 | D:2      | Reached XP level 4. HP: 30/30 MP: 7/7
  2208 | D:3      | Reached XP level 5. HP: 32/36 MP: 5/8
  2400 | D:3      | Reached skill level 1 in Stealth
  2944 | D:3      | Found a faded altar to an unknown god.
  3003 | D:3      | Reached skill level 2 in Stealth
  3063 | D:4      | Reached skill level 3 in Stealth
  3063 | D:4      | Reached XP level 6. HP: 16/42 MP: 6/9
  3651 | D:4      | Reached skill level 4 in Stealth
  3651 | D:4      | Reached skill level 5 in Unarmed Combat
  3883 | D:4      | Reached XP level 7. HP: 45/48 MP: 10/10
  3889 | D:4      | Learned a level 4 spell: Ice Form
  4046 | D:4      | Reached skill level 1 in Ice Magic
  4238 | D:4      | Found a staircase to the Ecumenical Temple.
  4269 | Temple   | Entered the Ecumenical Temple
  4403 | D:5      | Entered Level 5 of the Dungeon
  4410 | D:5      | Found Hajifurr's Distillery.
  4417 | D:5      | Bought a potion of heal wounds for 75 gold pieces
  4730 | D:5      | Reached skill level 5 in Fighting
  4743 | D:5      | Reached XP level 8. HP: 35/55 MP: 9/11
  4882 | D:5      | Found a shimmering altar of Xom.
  5095 | D:5      | Found a shimmering altar of Xom.
  5358 | D:5      | Found Fonn's Distillery.
  5379 | D:5      | Found a bloodstained altar of Trog.
  5384 | D:5      | Bought a potion of curing for 36 gold pieces
  5384 | D:5      | Bought a potion of heal wounds for 60 gold pieces
  5468 | D:5      | Found a blossoming altar of Fedhas.
  5469 | D:5      | Found Atogge's Armour Emporium.
  6196 | D:6      | Found a snail-covered altar of Cheibriados.
  6203 | D:6      | Became a worshipper of Cheibriados the Contemplative
  6215 | D:6      | Found Zin's Purification Station.
  6218 | D:6      | Found a glowing silver altar of Zin.
  6426 | D:6      | Reached skill level 1 in Invocations
  7185 | D:7      | Found Caraj's Assorted Antiques.
  7312 | D:7      | Reached XP level 9. HP: 22/62 MP: 9/12
  7553 | D:7      | Reached * piety under Cheibriados
  8176 | D:7      | Reached skill level 5 in Transmutations
  8376 | D:7      | Reached skill level 5 in Stealth
  8392 | D:7      | Reached ** piety under Cheibriados
  8830 | D:8      | Found a deep blue altar of Sif Muna.
  8844 | D:8      | Reached skill level 6 in Stealth
  8846 | D:8      | Identified Sif Muna's Papyrus of Malediction
  8991 | D:8      | Reached skill level 5 in Invocations
  9015 | D:8      | Reached skill level 7 in Stealth
  9120 | D:8      | Noticed M4edhros's ghost (novice VSTm)
  9131 | D:8      | Killed M4edhros's ghost
  9131 | D:8      | Reached skill level 8 in Stealth
  9131 | D:8      | Reached XP level 10. HP: 41/69 MP: 6/14
  9229 | D:8      | Noticed an eight-headed hydra
  9407 | D:9      | Found a shadowy altar of Dithmenos.
  9604 | D:8      | Noticed Erolcha
  9614 | D:9      | Noticed Erica
  9632 | D:9      | HP: 4/85 [Erica/scimitar of flaming (10)]
  9633 | D:9      | Slain by Erica

Vault maps used:
D:1:      sevenhm_arrival_forest_fort_small_4, st_stairs_3, minivault_4
D:2:      minmay_close_crescents
D:3:      ecumenical_altar_2, first_bread
D:4:      minmay_temple_entry_statues_pillars
D:5:      xom_redecorated, lemuel_doored_altar, serial_shops,
          nicolae_shop_competitors_out_of_business, nicolae_shop_crystal, shop,
          bloody_trog
D:6:      zin_purify, old_standard_altar
D:7:      serial_shops, kennysheep_mini_moat
D:8:      led_sif_book, lair_0_dummy, uniq_erolcha
D:9:      grunt_dithmenos_smoke_and_mirrors, grunt_temple_overflow_open,
          basic_altar, uniq_erica, uniq_joseph, uniq_maurice
Temple:   circular_temple_pool_12

Skill      XL: |  1  2  3  4  5  6  7  8  9 10 |
---------------+-------------------------------+-----
Fighting       | 2 3 4 5 6 7 |  7.0
Poison Magic   | 1 2 |  2.0
Unarmed Combat | 4 5 6 7 |  7.6
Stealth        | 3 4 8 |  8.1
Ice Magic      | 2 |  2.2
Transmutations | 4 5 |  5.0
Invocations    | 2 6 |  6.3
Dodging        | |  2.4
Spellcasting   | |  2.1

Action                   |  1- 3 |  4- 6 |  7- 9 | 10-12 || total
-------------------------+-------+-------+-------+-------++-------
Melee: Unarmed           |    75 |   175 |   323 |    24 ||   597
 Cast: Beastly Appendage |     1 |     1 |     3 |       ||     5
       Spider Form       |       |     7 |    11 |       ||    18
       Sticks to Snakes  |       |     3 |    12 |       ||    15
       Ice Form          |       |       |     9 |     3 ||    12
Evoke: Wand              |       |       |     1 |       ||     1
  Use: Scroll            |       |    14 |     6 |       ||    20
       Potion            |       |     1 |     7 |       ||     8
 Stab: Sleeping          |     3 |    10 |    17 |     2 ||    32
       Distracted        |       |       |     3 |       ||     3
  Eat: Chunk             |     2 |     8 |    11 |       ||    21
       Fruit             |       |       |     2 |       ||     2
       Bread ration      |       |       |     1 |       ||     1
       Beef jerky        |       |       |     1 |       ||     1
